 Dungeon Crawl Stone Soup version 0.17.1-1-g73c8601 (webtiles) character file.

103601 shmeve the Severer (level 15, 0/144 HPs)
             Began as a Minotaur Berserker on Apr 22, 2016.
             Was the Champion of Trog.
             Slain by a tarantella (1 damage)
             ... on level 1 of the Spider Nest.
             The game lasted 01:18:17 (29242 turns).

shmeve the Severer (Minotaur Berserker)            Turns: 29242, Time: 01:18:18

Health: 0/144      AC: 16    Str: 29    XL:     15   Next: 89%
Magic:  4/4        EV: 13    Int:  5    God:    Trog [******]
Gold:   1906       SH:  8    Dex: 12    Spells: 0 memorised, 14 levels left

rFire  . . .     SeeInvis .     G - +5 war axe (antimagic)
rCold  + . .     Clarity  .     L - +2 plate armour {rC+}
rNeg   . . .     SustAt   .     J - +1 buckler {reflect}
rPois  .         Gourm    .     e - +1 hat
rElec  .         Spirit   .     w - +1 cloak
rCorr  .         Warding  .     j - +2 pair of gloves
rMut   .         Stasis   .     v - +2 pair of boots
MR     +++..                    H - amulet of faith
Stlth  ..........               y - +4 ring of strength
                                a - +4 ring of protection

@: lethally poisoned (0 -> -3), corroded equipment, regenerating, slowed, very
slow, extremely resistant to hostile enchantments, extremely unstealthy
A: retaliatory headbutt, horns 2
a: Berserk, Trog's Hand, Brothers in Arms, Burn Spellbooks, Renounce Religion


You were on level 1 of the Spider Nest.
You worshipped Trog.
Trog was exalted by your worship.
You were not hungry.

You visited 5 branches of the dungeon, and saw 29 of its levels.
You also visited: Labyrinth.

You collected 2977 gold pieces.
You spent 1071 gold pieces at shops.

Inventory:

Hand Weapons
 G - a +5 antimagic war axe (weapon)
 M - a +0 broad axe of flaming
Missiles
 t - 16 javelins of penetration (quivered)
Armour
 e - a +1 hat (worn)
 j - a +2 pair of gloves (worn)
 v - a +2 pair of boots (worn)
 w - a +1 cloak (worn)
 J - a +1 buckler of reflection (worn)
 L - a +2 plate armour of cold resistance (worn)
Jewellery
 a - a +4 ring of protection (left hand)
 y - a +4 ring of strength (right hand)
 H - an amulet of faith (around neck)
Wands
 o - a wand of digging (14)
 C - a wand of digging (24)
 F - a wand of digging (20)
 I - a wand of digging (10)
Scrolls
 d - 12 scrolls of identify
 f - 3 scrolls of enchant weapon
 g - 9 scrolls of remove curse
 l - 3 scrolls of blinking
 m - 2 scrolls of fog
 n - 7 scrolls of teleportation
 q - a scroll of recharging
 A - a scroll of magic mapping
 N - a scroll of fear
Potions
 b - 11 potions of curing
 h - a potion of poison {unknown}
 i - 2 potions of flight
 p - 2 potions of resistance
 u - 9 potions of heal wounds
 x - a potion of brilliance
 z - 2 potions of magic
 B - 4 potions of haste
 E - 4 potions of might
 K - a potion of mutation {unknown}
Comestibles
 c - 14 bread rations
 k - 12 slices of pizza
 r - 10 meat rations
 s - 2 beef jerkies
 D - 37 fruits


   Skills:
 * Level 16.0 Fighting
 * Level 16.4 Axes
 + Level 10.3 Throwing
 + Level 12.3 Armour
 + Level 11.0 Dodging
 * Level 14.2 Shields


You had 14 spell levels left.
You didn't know any spells.

Dungeon Overview and Level Annotations

Branches:
Dungeon (15/15)            Temple (1/1) D:5            Lair (8/8) D:9
  Swamp (0/4) Lair:5       Spider (1/4) Lair:5        Slime (0/6) Lair:7
    Orc (4/4) D:12            Elf (0/3) Orc:3        Vaults (0/5) D:13
 Depths (0/5) D:15

Altars:
Dithmenos
Fedhas
Gozag
Makhleb
Okawaru
Qazlal
Ru
Sif Muna
Trog
Yredelemnul
The Shining One
Beogh

Shops:
D:5 !   D:11 (   Orc:4 :!*[(


Innate Abilities, Weirdness & Mutations

You reflexively headbutt those who attack you in melee.
You have a pair of horns on your head.


Message History

You slash the wolf spider!
The wolf spider is moderately wounded.
You hit the tarantella but do no damage.
The tarantella is lightly wounded.
You hit the tarantella but do no damage.
You feel very sick. The tarantella barely misses you. The tarantella bites you.
* * * LOW HITPOINT WARNING * * *
You block the tarantella's attack. The entropy weaver closely misses you.
You furiously retaliate!
You headbutt the entropy weaver! You block the entropy weaver's attack.
The entropy weaver hits you.
* * * LOW HITPOINT WARNING * * *
The entropy weaver hits you!
* * * LOW HITPOINT WARNING * * *
You block the wolf spider's attack. The wolf spider bites you.
* * * LOW HITPOINT WARNING * * *
The spider bites you but does no damage.
The tarantella bites you but does no damage.
The tarantella bites you.
You die...

......................#
...#.?.................#
........................
........................
........................
.............†..........
........................
......ss................
......p@s...............
......ss................
.....w.ss...............
..........s.............
.....#..s...............
.......ss...............
.......§................
........................
.........(...


You could see an entropy weaver, a torpor snail, 2 wolf spiders, a jumping
spider, 3 tarantellas and 5 spiders.

Vanquished Creatures
  Rupert (Orc:2)
  Kirke (D:13)
  An orc warlord (Orc:4)
  A very ugly thing (D:11)
  Snorg (Orc:3)
  A minotaur (Lab)
  An ettin (D:15)
  Erolcha (Orc:3)
  Harold (Lair:2)
  3 catoblepae (Lair:8)
  4 hydras
  Erica (D:8)
  16 death yaks (Lair:8)
  The ghost of halcyon the Demolition Demonspawn, a journeyman DsGl of Makhleb (Lair:1)
  An ogre mage (D:15)
  2 centaur warriors
  2 orc high priests (Orc:4)
  A tengu warrior (D:10)
  Urug (Lair:1)
  4 iron golems (D:10)
  Nergalle (Lair:1)
  A deep elf knight (D:15)
  2 wizards (D:11)
  A deep troll (D:15)
  An unseen horror (D:13)
  4 hill giants
  Pikel (D:8)
  3 orc knights (Orc:4)
  2 wolf spider zombies
  2 griffons
  An oklob plant (Lair:4)
  A manticore (D:13)
  12 ugly things
  3 orc sorcerers (Orc:4)
  A cyclops (D:14)
  6 black mambas
  9 elephants
  A moth of wrath (Spider:1)
  3 centaur zombies
  18 spiny frogs
  A centaur skeleton (D:15)
  A gargoyle (D:14)
  An efreet (D:15)
  2 yaktaurs (D:15)
  2 kobold demonologists
  10 komodo dragons
  4 fire drakes
  A jumping spider (Spider:1)
  A queen bee (shapeshifter) (D:14)
  A two-headed ogre (D:11)
  3 slime creatures (Lair:7)
  The ghost of flappity the Skirmisher, an amateur DsBe of Trog (D:4)
  6 trolls
  2 boulder beetles (Spider:1)
  A trapdoor spider zombie (D:12)
  2 trapdoor spiders (Spider:1)
  A shadow (D:12)
  2 wyverns (D:14)
  A spriggan (Lair:4)
  A deep elf mage (D:15)
  13 blink frogs
  5 hogs (D:13)
  A vampire (D:13)
  2 basilisks
  41 yaks
  26 wolves
  A tarantella (Spider:1)
  12 hippogriffs
  Grum (D:8)
  7 vampire mosquitoes
  A soldier ant (D:12)
  Menkaure (D:7)
  A steam dragon (Lair:3)
  A mottled dragon (D:10)
  3 wargs
  11 porcupines
  25 orc warriors
  3 sky beasts
  3 spiders (Spider:1)
  21 water moccasins
  3 ice beasts
  7 iguanas
  3 phantoms
  8 ogres
  3 slaves (D:8)
  A black bear (D:9)
  3 wasps
  12 centaurs
  An eye of draining (D:13)
  18 crocodiles
  A brain worm (D:15)
  6 big kobolds
  23 giant frogs
  2 gnoll sergeants
  5 scorpions
  4 killer bees (D:9)
  2 water moccasin skeletons
  3 wights (D:6)
  4 crimson imps
  An electric eel (Lair:4)
  5 lava snakes
  30 orc priests
  3 jellies
  Crazy Yiuf (D:6)
  9 hounds
  35 orc wizards
  3 giant frog skeletons
  19 sheep
  6 worker ants
  3 hound skeletons
  6 gnolls
  64 river rats
  3 shadow imps
  13 adders
  2 oozes
  An adder skeleton (D:8)
  6 worms
  5 giant geckos
  159 orcs
  3 ball pythons
  12 goblins
  8 hobgoblins
  5 quokkas
  10 bats
  3 giant cockroaches
  A giant gecko skeleton (D:6)
  5 giant newts
  15 jackals
  22 kobolds
  3 rats
  6 fungi
  3 plants
920 creatures vanquished.

Vanquished Creatures (collateral kills)
  3 death yaks (Lair:8)
  An orc high priest (Orc:4)
  An orc knight (Orc:4)
  An orc sorcerer (Orc:4)
  5 orc warriors (Orc:4)
  An orc priest (Orc:4)
  2 orc wizards (Orc:4)
  An orc (Orc:4)
15 creatures vanquished.

Vanquished Creatures (others)
  A human (D:13)
  A slave (D:9)
  A centaur (D:12)
  2 orcs
  A fire vortex (Lair:8)
  16 fungi
  4 plants
26 creatures vanquished.

Grand Total: 961 creatures vanquished

Notes
Turn   | Place    | Note
--------------------------------------------------------------
     0 | D:1      | shmeve the Minotaur Berserker began the quest for the Orb.
     0 | D:1      | Reached XP level 1. HP: 19/19 MP: 0/0
   142 | D:1      | Reached XP level 2. HP: 25/27 MP: 1/1
   301 | D:1      | Reached skill level 4 in Axes
   585 | D:1      | Reached ** piety under Trog
   585 | D:1      | Reached XP level 3. HP: 33/33 MP: 2/2
   931 | D:2      | Reached skill level 1 in Throwing
   946 | D:2      | Reached XP level 4. HP: 33/40 MP: 3/3
  1238 | D:3      | Reached *** piety under Trog
  1288 | D:3      | Found an opulent altar of Gozag.
  1449 | D:3      | Reached XP level 5. HP: 47/47 MP: 4/4
  1468 | D:3      | Reached skill level 5 in Axes
  1676 | D:3      | Reached skill level 5 in Fighting
  1744 | D:3      | Found a sacrificial altar of Ru.
  2096 | D:4      | Reached XP level 6. HP: 54/56 MP: 5/5
  2243 | D:4      | Noticed flappity's ghost (amateur DsBe)
  2260 | D:4      | Killed flappity's ghost
  2260 | D:4      | Reached skill level 6 in Axes
  2281 | D:4      | Reached XP level 7. HP: 40/62 MP: 6/6
  2988 | D:5      | Entered Level 5 of the Dungeon
  3009 | D:5      | Found a blossoming altar of Fedhas.
  3014 | D:5      | Found Tegh's Distillery.
  3095 | D:5      | Found a staircase to the Ecumenical Temple.
  3134 | Temple   | Entered the Ecumenical Temple
  3237 | D:5      | Found an iron altar of Okawaru.
  3503 | D:5      | Found a burning altar of Makhleb.
  3681 | D:5      | Received a gift from Trog
  3708 | D:5      | Reached **** piety under Trog
  3708 | D:5      | Reached skill level 7 in Axes
  3716 | D:5      | Reached XP level 8. HP: 71/71 MP: 7/7
  3787 | D:5      | Reached skill level 5 in Armour
  4343 | D:6      | Reached skill level 5 in Dodging
  4347 | D:6      | Reached skill level 8 in Axes
  4541 | D:6      | Noticed Crazy Yiuf
  4552 | D:6      | Killed Crazy Yiuf
  4949 | D:6      | Reached XP level 9. HP: 73/81 MP: 8/8
  5108 | D:7      | Found a basalt altar of Yredelemnul.
  5108 | D:7      | Found a shadowy altar of Dithmenos.
  5478 | D:7      | Noticed Menkaure
  5479 | D:7      | Killed Menkaure
  5479 | D:7      | Reached skill level 9 in Axes
  5659 | D:8      | Noticed Erica
  5664 | D:8      | Killed Erica
  5664 | D:8      | Reached skill level 5 in Throwing
  5701 | D:8      | Noticed Pikel
  5722 | D:8      | Found a bloodstained altar of Trog.
  5736 | D:8      | Killed Pikel
  5794 | D:8      | Reached XP level 10. HP: 64/92 MP: 9/9
  6074 | D:8      | Found a stormy altar of Qazlal.
  6186 | D:8      | Reached skill level 10 in Axes
  6190 | D:8      | Reached skill level 10 in Fighting
  6221 | D:8      | Noticed Grum
  6259 | D:8      | Killed Grum
  6911 | D:9      | Reached ***** piety under Trog
  7283 | D:9      | Noticed a cyan ugly thing
  7292 | D:9      | Killed a cyan ugly thing
  7699 | D:9      | Found a staircase to the Lair.
  7713 | D:9      | Reached skill level 11 in Axes
  7725 | Lair:1   | Entered Level 1 of the Lair of Beasts
  7740 | Lair:1   | Noticed Urug
  7753 | Lair:1   | Killed Urug
  7848 | Lair:1   | Found a labyrinth entrance.
  7863 | Lab      | Entered a labyrinth
 10114 | Lab      | Found an exit through the horrors of the Abyss.
 10359 | Lab      | Found an exit through the horrors of the Abyss.
 10573 | Lab      | Noticed a minotaur
 10579 | Lab      | Killed a minotaur
 10579 | Lab      | Reached XP level 11. HP: 102/102 MP: 10/10
 10710 | Lair:1   | Noticed a black mamba
 10719 | Lair:1   | Killed a black mamba
 10919 | Lair:1   | Received a gift from Trog
 11034 | Lair:1   | Noticed halcyon's ghost (journeyman DsGl)
 11046 | Lair:1   | Killed halcyon's ghost
 11306 | Lair:1   | Noticed Nergalle
 11315 | Lair:1   | Killed Nergalle
 11315 | Lair:1   | Reached skill level 12 in Axes
 11827 | Lair:1   | Received a gift from Trog
 12066 | Lair:2   | HP: 5/104 [river rat (1)]
 12539 | Lair:2   | Received a gift from Trog
 12596 | Lair:2   | Noticed Harold
 12611 | Lair:2   | Killed Harold
 12792 | Lair:2   | Found a glowing golden altar of the Shining One.
 12921 | Lair:3   | Received a gift from Trog
 12921 | Lair:3   | Reached XP level 12. HP: 74/113 MP: 11/11
 13425 | Lair:3   | Reached skill level 13 in Axes
 14536 | Lair:4   | Reached skill level 10 in Armour
 14653 | Lair:4   | Received a gift from Trog
 14754 | Lair:4   | Reached skill level 1 in Shields
 14833 | Lair:4   | Reached skill level 5 in Shields
 15077 | Lair:4   | Received a gift from Trog
 16132 | Lair:5   | Received a gift from Trog
 16133 | Lair:5   | Found a hole to the Spider Nest.
 16138 | Lair:5   | Reached XP level 13. HP: 103/122 MP: 12/12
 16210 | Lair:5   | Found a staircase to the Swamp.
 16704 | Lair:5   | Reached ****** piety under Trog
 16818 | Lair:6   | Received a gift from Trog
 17085 | Lair:6   | Reached skill level 10 in Shields
 17487 | Lair:7   | Received a gift from Trog
 17881 | Lair:7   | Found a staircase to the Slime Pits.
 17906 | Lair:7   | Received a gift from Trog
 18160 | Lair:7   | Reached skill level 14 in Axes
 18351 | Lair:8   | Entered Level 8 of the Lair of Beasts
 19072 | Lair:8   | Received a gift from Trog
 19494 | Lair:8   | Reached XP level 14. HP: 132/132 MP: 13/13
 19643 | Lair:8   | Received a gift from Trog
 20090 | Lair:8   | Reached skill level 10 in Dodging
 20591 | Lair:8   | Received a gift from Trog
 21105 | Lair:8   | Reached skill level 15 in Axes
 21999 | D:10     | Entered Level 10 of the Dungeon
 22410 | D:11     | Found Fuajixys's Weapon Emporium.
 22718 | D:11     | Received a gift from Trog
 22728 | D:11     | Got a crystal morningstar
 22729 | D:11     | Identified the cursed +3 morningstar "Asoech" {elec, rF- Int+6} (You found it on level 11 of the Dungeon)
 23743 | D:12     | Found a deep blue altar of Sif Muna.
 23802 | D:12     | Reached skill level 15 in Fighting
 23814 | D:12     | Found a staircase to the Orcish Mines.
 23856 | Orc:1    | Entered Level 1 of the Orcish Mines
 24069 | Orc:2    | Received a gift from Trog
 24071 | Orc:2    | Noticed Rupert
 24090 | Orc:2    | Killed Rupert
 24141 | Orc:2    | Received a gift from Trog
 24434 | Orc:3    | Noticed Erolcha
 24444 | Orc:3    | Killed Erolcha
 24444 | Orc:3    | Reached XP level 15. HP: 136/141 MP: 14/14
 24542 | Orc:3    | Found a roughly hewn altar of Beogh.
 24734 | Orc:3    | Noticed Snorg
 24745 | Orc:3    | Killed Snorg
 24831 | Orc:3    | Found a staircase to the Elven Halls.
 24867 | Orc:3    | Received a gift from Trog
 24969 | Orc:4    | Entered Level 4 of the Orcish Mines
 25540 | Orc:4    | Found Diucs's Distillery.
 25591 | Orc:4    | Bought 2 potions of heal wounds for 150 gold pieces
 25663 | Orc:4    | Received a gift from Trog
 25680 | Orc:4    | Received a gift from Trog
 25937 | Orc:4    | Received a gift from Trog
 25969 | Orc:4    | Found Todit Rye's Antique Armour Shop.
 25970 | Orc:4    | Found Nooconko's Antique Weapon Boutique.
 25972 | Orc:4    | Found Fiol Ebb's General Store.
 25972 | Orc:4    | Found Usicw's Book Shop.
 26031 | Orc:4    | Bought a potion of heal wounds for 70 gold pieces
 26043 | Orc:4    | Bought a shiny plate armour for 851 gold pieces
 26595 | D:13     | Reached skill level 16 in Axes
 26624 | D:13     | Reached skill level 10 in Throwing
 26701 | D:13     | Received a gift from Trog
 26731 | D:13     | Found a gate to the Vaults.
 26776 | D:13     | Noticed Kirke
 26788 | D:13     | Killed Kirke
 27337 | D:14     | Paralysed by a wasp for 1 turns
 27825 | D:15     | Entered Level 15 of the Dungeon
 27868 | D:15     | Received a gift from Trog
 28047 | D:15     | Found a staircase to the Depths.
 28912 | Spider:1 | Entered Level 1 of the Spider Nest
 29242 | Spider:1 | HP: 3/144 [entropy weaver (7)]
 29242 | Spider:1 | HP: 1/144 [wolf spider (2)]
 29242 | Spider:1 | Slain by a tarantella

Action                   |  1- 3 |  4- 6 |  7- 9 | 10-12 | 13-15 || total
-------------------------+-------+-------+-------+-------+-------++-------
Melee: Hand axe          |    86 |   131 |   168 |       |       ||   385
       Battleaxe         |       |       |    92 |   560 |    50 ||   702
       War axe           |       |       |       |       |   541 ||   541
       Broad axe         |       |       |       |       |   694 ||   694
Throw: Tomahawk          |       |       |    21 |    23 |       ||    44
       Javelin           |       |       |       |    33 |    23 ||    56
Invok: Berserk           |     1 |     2 |     3 |     6 |     9 ||    21
       Trog's Hand       |       |     1 |     2 |     6 |     7 ||    16
       Burn Spellbooks   |       |       |       |     3 |     5 ||     8
       Brothers in Arms  |       |       |       |       |     3 ||     3
  Use: Scroll            |       |       |    14 |    11 |     9 ||    34
       Potion            |       |       |       |       |     2 ||     2
  Eat: Chunk             |     1 |     4 |    12 |    25 |    44 ||    86
       Meat ration       |       |     1 |       |     1 |       ||     2
       Fruit             |       |       |       |     8 |    11 ||    19
       Royal jelly       |       |       |       |     1 |       ||     1
       Beef jerky        |       |       |       |     1 |       ||     1
